 Dungeon Crawl Stone Soup version 0.21.0-34-g9234887 (webtiles) character file.

209 Mimshu the Chopper (level 5, -5/50 HPs)
             Began as a Naga Berserker on Jan 29, 2018.
             Was a Believer of Trog.
             Slain by an ogre
             ... wielding a +0 giant spiked club
              (17 damage)
             ... on level 4 of the Dungeon.
             The game lasted 00:06:01 (2624 turns).

Mimshu the Chopper (Naga Berserker)                 Turns: 2624, Time: 00:06:02

Health: -5/50      AC:  6    Str: 20    XL:     5   Next: 87%
Magic:  5/5        EV:  6    Int:  7    God:    Trog [**....]
Gold:   152        SH:  0    Dex: 11    Spells: 4/4 levels left

rFire    . . .     SeeInvis +   a - +0 hand axe
rCold    . . .     Gourm    .   (no shield)
rNeg     . . .     Faith    .   i - +0 chain mail (curse)
rPois    +         Spirit   .   (no helmet)
rElec    .         Reflect  .   (no cloak)
rCorr    .         Harm     .   (no gloves)
MR       .....                  (no barding)
Stlth    ..........             (no amulet)
HPRegen  0.16/turn              (no ring)
MPRegen  0.09/turn              (no ring)

@: very slow
A: large, see invisible, deformed body, poison resistance, slowness 2, slow
metabolism 1, spit poison 1, AC +1
a: Spit Poison, Berserk, Trog's Hand, Burn Spellbooks, Renounce Religion


You were on level 4 of the Dungeon.
You worshipped Trog.
Trog was pleased with you.
You were not hungry.

You visited 1 branch of the dungeon, and saw 4 of its levels.

You collected 152 gold pieces.

Inventory:

Hand Weapons
 a - a +0 hand axe (weapon)
Missiles
 j - a throwing net (quivered)
 n - 45 stones
Armour
 b - a +0 animal skin
 i - a cursed +0 chain mail (worn)
 l - a +0 ring mail
Jewellery
 p - an uncursed amulet of the gourmand {unknown}
Scrolls
 f - 2 scrolls of teleportation
 m - a scroll of magic mapping {unknown}
 o - a scroll of identify {unknown}
 q - 3 scrolls of remove curse {unknown}
Potions
 d - a potion of resistance {unknown}
 e - a potion of curing {unknown}
 g - 2 potions of heal wounds
 h - a potion of mutation {unknown}
 k - 2 potions of cancellation {unknown}
Comestibles
 c - 4 rations
 r - 2 chunks of flesh


   Skills:
 + Level 3.8 Fighting
 * Level 4.6 Axes
 + Level 2.5 Armour
 + Level 2.5 Dodging


You had 4 spell levels left.
You didn't know any spells.

Dungeon Overview and Level Annotations

Branches:
Dungeon (4/15)
 Temple: D:4-7

Altars:
Fedhas
Kikubaaqudgha
Qazlal


Innate Abilities, Weirdness & Mutations

You cannot wear boots.
Your serpentine skin is tough. (AC +1)
You have supernaturally acute eyesight. (SInv)
Armour fits poorly on your strangely shaped body.
Your system is resistant to poisons. (rPois)
You cover ground very slowly.
You have a slow metabolism.
You can spit poison.


Message History

You feel yourself speed up.
You start resting.
You recover from your berserk rage.
You start resting.
You start resting.
An ogre comes into view. It is wielding a giant spiked club.
An ogre is nearby!
The ogre shouts!
The ogre moves out of view.
You slash the ogre!
The ogre hits you with a giant spiked club!
You hit the ogre. The ogre closely misses you.
You hit the ogre.
The ogre hits you with a giant spiked club!
* * * LOW HITPOINT WARNING * * *
Your chain mail prevents you from hitting the ogre.
You hit the ogre. The ogre barely misses you.
You closely miss the ogre.
The ogre hits you with a giant spiked club!
You die...

#.#
###..........#
#..
##...####.....#
#..#
#..###..###...#
#..#####.##....
##.#..
##............#
.......
##............##
.....##.
#.....###.....##
#.....# ....###
#......##......#
... #.)##..O@..#
.#
##..###..###..
##...####...#
#####.†.......#
#.......#####.
................
......g.........
................
................


You could see an ogre.

Vanquished Creatures
  Blork the orc (D:4)
  A worker ant (D:4)
  4 adders
  3 oozes
  3 leopard geckos
  An orc (D:3)
  A giant cockroach (D:2)
  8 goblins
  7 hobgoblins
  7 jackals
  11 kobolds
  A ball python (D:3)
  7 bats
  8 frilled lizards
  A leopard gecko zombie (D:3)
  6 rats
70 creatures vanquished.

Notes
Turn   | Place    | Note
-------+----------+-------------------------------------------
     0 | D:1      | Mimshu the Naga Berserker began the quest for the Orb.
     0 | D:1      | Reached XP level 1. HP: 21/21 MP: 1/1
   318 | D:1      | Reached XP level 2. HP: 12/28 MP: 2/2
  1129 | D:2      | Reached XP level 3. HP: 34/34 MP: 3/3
  1166 | D:2      | Reached ** piety under Trog
  1465 | D:2      | Reached XP level 4. HP: 39/42 MP: 4/4
  1785 | D:3      | Reached skill level 4 in Axes
  1843 | D:3      | Found an ancient bone altar of Kikubaaqudgha.
  1856 | D:3      | Found a blossoming altar of Fedhas.
  1863 | D:3      | Found a stormy altar of Qazlal.
  2182 | D:3      | Reached XP level 5. HP: 32/49 MP: 5/5
  2487 | D:4      | Noticed Blork the orc
  2503 | D:4      | Killed Blork the orc
  2615 | D:4      | Noticed an ogre
  2624 | D:4      | Slain by an ogre

Skill      XL: |  1  2  3  4 |
---------------+-------------+-----
Armour         | 2 |  2.5
Dodging        | 2 |  2.5
Axes           | 4 |  4.6
Fighting       | |  3.8

Action                   |  1- 3 |  4- 6 || total
-------------------------+-------+-------++-------
Melee: Hand axe          |   139 |   134 ||   273
Invok: Berserk           |       |     1 ||     1
  Use: Scroll            |     3 |       ||     3
       Potion            |       |     1 ||     1
  Eat: Chunk             |     1 |     4 ||     5
Armor: Animal skin       |    10 |       ||    10
       Chain mail        |    70 |    83 ||   153
Dodge: Dodged            |    49 |    39 ||    88
